 Dungeon Crawl Stone Soup version 0.21.1-1-g345015f (webtiles) character file.

498 Fang the Chopper (level 7, -2/66 HPs)
             Began as a Gargoyle Berserker on June 16, 2018.
             Was a Priest of Trog.
             Slain by CryoXil's ghost (9 damage)
             ... while paralysed
             ... on level 5 of the Dungeon.
             The game lasted 00:05:02 (4511 turns).

Fang the Chopper (Gargoyle Berserker)               Turns: 4511, Time: 00:05:03

Health: -2/66      AC:  7    Str: 27    XL:     7   Next: 16%
Magic:  7/7        EV:  2    Int:  8    God:    Trog [***...]
Gold:   148        SH:  0    Dex:  9    Spells: 6/6 levels left

rFire    . . .     SeeInvis .   a - +0 hand axe
rCold    . . .     Gourm    .   (no shield)
rNeg     + . .     Faith    .   b - +0 animal skin
rPois    ∞         Spirit   .   (no helmet)
rElec    +         Reflect  .   (no cloak)
rCorr    .         Harm     .   (no gloves)
MR       .....                  (no boots)
Stlth    ..........             (no amulet)
HPRegen  0.21/turn              (no ring)
MPRegen  0.10/turn              (no ring)

@: paralysed, berserking (expiring), fainting
A: negative energy resistance 1, electricity resistance, unbreathing,
petrification resistance, rot immunity, AC +4
a: Berserk, Trog's Hand, Burn Spellbooks, Renounce Religion


You were on level 5 of the Dungeon.
You worshipped Trog.
Trog was most pleased with you.
You were fainting.

You visited 2 branches of the dungeon, and saw 6 of its levels.

You collected 148 gold pieces.

Inventory:

Hand Weapons
 a - a +0 hand axe (weapon)
Armour
 b - a +0 animal skin (worn)
Jewellery
 v - an uncursed ring of protection from cold {unknown}
Scrolls
 d - 2 scrolls of remove curse {unknown}
 e - 3 scrolls of identify {unknown}
 h - a scroll of amnesia {unknown}
 i - 2 scrolls of teleportation {unknown}
 j - 3 scrolls of random uselessness {unknown}
 k - 2 scrolls of magic mapping {unknown}
 m - a scroll of blinking {unknown}
 n - 2 scrolls of fear {unknown}
 r - a scroll of immolation {unknown}
Potions
 f - 2 potions of agility
 g - 2 potions of flight {unknown}
 l - a potion of curing {unknown}
 o - 2 potions of heal wounds {unknown}
 p - a potion of brilliance {unknown}
 q - a potion of might {unknown}
 s - 2 potions of haste {unknown}
 t - a potion of lignification {unknown}
Comestibles
 c - 6 rations


   Skills:
 + Level 4.5 Fighting
 + Level 5.6 Axes
 + Level 2.4 Armour
 + Level 3.0 Dodging
 + Level 2.0 Stealth


You had 6 spell levels left.
You didn't know any spells.

Dungeon Overview and Level Annotations

Branches:
Dungeon (5/15)             Temple (1/1) D:4

Altars:
Ashenzari
Cheibriados
Elyvilon
Gozag
Kikubaaqudgha
Makhleb
Nemelex Xobeh
Okawaru
Qazlal
Ru
Sif Muna
Uskayaw
Vehumet
Xom
Yredelemnul
Zin
The Shining One

Annotations:
D:5 CryoXil's ghost, novice GrFi


Innate Abilities, Weirdness & Mutations

You are resistant to torment.
Your stone body is resilient. (AC +4)
You are immune to poison.
You resist negative energy. (rN+)
You are resistant to electric shocks. (rElec)
You can survive without breathing.
You are immune to petrification.
You are immune to rotting.


Message History

CryoXil's ghost hits you.
You hit CryoXil's ghost but do no damage.
CryoXil's ghost is lightly damaged.
CryoXil's ghost closely misses you.
You hit CryoXil's ghost but do no damage.
CryoXil's ghost is lightly damaged.
You hit CryoXil's ghost but do no damage.
CryoXil's ghost is lightly damaged.
You lose consciousness!
CryoXil's ghost hits you.
CryoXil's ghost hits you but does no damage.
CryoXil's ghost hits you. CryoXil's ghost hits you!
CryoXil's ghost barely misses you. CryoXil's ghost hits you!
* * * LOW HITPOINT WARNING * * *
CryoXil's ghost hits you!
* * * LOW HITPOINT WARNING * * *
CryoXil's ghost hits you!
You die...

... ..... #..##
##... .... .....
#..# . ..... #..#
#.. .....
#..####.... ..##.
..#####.........#
# #.
..?....W.<.....#
.. #####@........#
#.....#.....
..............##..
#.##.##......## .
#( ##.#...... ..
#.###.#.. #. #.#
.#o## # ..# ## .
.##


You could see CryoXil's ghost.

Vanquished Creatures
  An ogre (D:4)
  A scorpion (D:4)
  An orc priest (D:3)
  A hound (D:4)
  An orc wizard (D:4)
  Terence (D:2)
  2 worker ants
  3 gnolls (D:4)
  8 adders
  An ooze (D:2)
  A worm (D:4)
  A dart slug (D:4)
  18 orcs
  A giant cockroach (D:3)
  10 goblins
  6 hobgoblins
  4 jackals (D:1)
  A quokka (D:2)
  10 bats
  4 frilled lizards
  8 kobolds
  9 rats
93 creatures vanquished.

Notes
Turn   | Place    | Note
-------+----------+-------------------------------------------
     0 | D:1      | Fang the Gargoyle Berserker began the quest for the Orb.
     0 | D:1      | Reached XP level 1. HP: 14/14 MP: 1/1
    54 | D:1      | Reached XP level 2. HP: 19/19 MP: 2/2
    57 | D:1      | Reached skill level 3 in Axes
   598 | D:2      | Reached XP level 3. HP: 23/24 MP: 3/3
   659 | D:2      | Reached ** piety under Trog
   685 | D:2      | Noticed Terence
   699 | D:2      | Killed Terence
   699 | D:2      | Reached XP level 4. HP: 15/29 MP: 4/4
  1067 | D:2      | Found a radiant altar of Vehumet.
  1254 | D:2      | Found a sacrificial altar of Ru.
  1653 | D:3      | Reached skill level 4 in Axes
  1853 | D:3      | Found a snail-covered altar of Cheibriados.
  1864 | D:3      | Reached XP level 5. HP: 33/33 MP: 5/5
  1867 | D:3      | Reached skill level 1 in Stealth
  2103 | D:3      | Found a hide-covered altar of Uskayaw.
  2530 | D:4      | Reached XP level 6. HP: 37/38 MP: 6/6
  2777 | D:4      | Reached *** piety under Trog
  2792 | D:4      | Reached skill level 5 in Axes
  3057 | D:4      | Found a staircase to the Ecumenical Temple.
  3229 | D:4      | Found a glowing golden altar of the Shining One.
  3641 | D:4      | Reached XP level 7. HP: 16/44 MP: 7/7
  3987 | D:5      | Entered Level 5 of the Dungeon
  4077 | Temple   | Entered the Ecumenical Temple
  4486 | D:5      | Noticed CryoXil's ghost (novice GrFi)
  4504 | D:5      | Paralysed by fainting for 12 turns
  4511 | D:5      | Slain by CryoXil's ghost

Skill      XL: |  1  2  3  4  5  6  7 |
---------------+----------------------+-----
Axes           | 3 4 5 |  5.6
Fighting       | 4 |  4.5
Dodging        | 2 3 |  3.0
Stealth        | 1 2 |  2.0
Armour         | |  2.4

Action                   |  1- 3 |  4- 6 |  7- 9 || total
-------------------------+-------+-------+-------++-------
Melee: Hand axe          |    89 |   200 |    48 ||   337
Invok: Berserk           |     1 |     5 |     1 ||     7
 Stab: Distracted        |       |     1 |       ||     1
  Eat: Chunk             |       |    13 |     3 ||    16
Armor: Animal skin       |    32 |    74 |    17 ||   123
Dodge: Dodged            |    73 |   124 |    25 ||   222
